 Dungeon Crawl Stone Soup version 0.31.0-12-g77e489cdc1 (webtiles) character file.

Game seed: 14714047114647072635

60 boopmooplesden the Trooper (level 3, -3/33 HPs)
             Began as a Draconian Berserker on Feb 11, 2024.
             Was a Believer of Trog.
             Killed by psychic fangs
             ... invoked by a brain worm
              (14 damage)
             ... in a sewer.
             The game lasted 00:03:01 (1568 turns).

boopmooplesden the Trooper (Draconian Berserker)    Turns: 1568, Time: 00:03:02

Health: -3/33      AC:  5    Str: 19    XL:     3   Next: 82%
Magic:  0/3        EV: 12    Int:  7    God:    Trog [**....]
Gold:   118        SH:  0    Dex: 12    Spells: 2/2 levels left

rFire   . . .        h - +0 long sword (elec)
rCold   . . .        (no shield)
rNeg    . . .        (body armour unavailable)
rPois   .            (helmet restricted)
rElec   .            (no cloak)
rCorr   .            (no gloves)
SInv    .            (no boots)
Will    .....        (no amulet)
Stlth   +            (no ring)
HPRegen 0.25/turn    (no ring)
MPRegen 0.08/turn

%: no passive effects
@: very slow
A: AC +5, unfitting armour, cold-blooded
a: Renounce Religion, Berserk, Trog's Hand


You were in a sewer.
You worshipped Trog.
Trog was pleased with you.
You visited 1 branch of the dungeon, and saw 3 of its levels.
You also visited: Sewer.

You collected 118 gold pieces.

Inventory:

Hand Weapons
 a - a +0 falchion
 b - a +0 whip of draining
 h - a +0 long sword of electrocution (weapon)
Missiles
 p - 3 javelins (quivered)
Jewellery
 f - a ring of magical power
 g - an amulet of magic regeneration
 n - a ring of protection from cold
Scrolls
 d - a scroll of poison {unknown}
 e - 3 scrolls of identify {unknown}
 i - a scroll of fear {unknown}
 l - 2 scrolls of fog {unknown}
 m - a scroll of immolation {unknown}
Potions
 c - a potion of mutation {unknown}
 j - a potion of lignification {unknown}
 k - a potion of curing {unknown}
 o - a potion of degeneration {unknown}


   Skills:
 + Level 4.0 Fighting
 + Level 3.9 Long Blades
 + Level 3.1 Dodging


You had 2 spell levels left.
You didn't know any spells.
Your spell library was empty.

Dungeon Overview and Level Annotations

Branches:
Dungeon (3/15)              Sewer (1/1)

Altars:

Shops:
D:1 (


Innate Abilities, Weirdness & Mutations

Your plain brown scales are hard. (AC +5)
You cannot fit into any form of body armour.
You are cold-blooded and may be slowed by cold attacks.


Message History

The world spins around you as you enter the gateway.
You enter a sewer!
Found a gate leading back out of this place.
There is an empty arch of ancient stone here.
A quokka comes into view.
The quokka bites you but does no damage.
You slash the quokka!
You kill the quokka!
Trog accepts your kill.
You enter the shallow water.
Moving in this stuff is going to be slow.
You enter the shallow water.
Moving in this stuff is going to be slow.
You enter the shallow water.
Moving in this stuff is going to be slow.
A ribbon worm comes into view.
A jackal and a brain worm come into view.
The jackal barks!
The brain worm's throbbing head pulsates.
Something gnaws on your mind!
You feel your power leaking away. The jackal closely misses you.
The brain worm bites you.
The ribbon worm expels a string of sticky webbing.
The stream of webbing hits you but does no damage.
You are caught in a web!
The jackal bites you but does no damage.
The brain worm's bulging head throbs.
Something gnaws on your mind!
You feel your power leaking away.
Unknown command.
The jackal splashes around in the water.
The brain worm bites you.
The jackal bites you but does no damage.
The brain worm's throbbing head pulsates.
Something gnaws on your mind!
You feel your power leaking away.
The jackal bites you but does no damage.
The brain worm's throbbing head pulsates.
Something gnaws heavily on your mind!
You die...

##...## #∩..##
#.....####....##
#.~~...##∩.....#
#~.~~..##......# #~~w.#
##.....# #.≈~# #....##
#~≈w# ##..## #~≈h#
#..## #~≈@# #...# #~≈~#
##..## #~≈~# #.~~#
#~≈~# ###~~.# ≈#
≈≈≈##~≈~###~#~~.###≈≈≈#
≈≈≈~~~~~~~~~~~~~~~~~.~#
≈≈≈≈≈≈≈≈≈≈≈≈≈≈≈≈≈≈≈≈≈~#
≈≈~~~.~~~~~~.~~~.~~~≈~#
≈≈~################~≈~#


You could see a brain worm, a ribbon worm and a jackal.

Vanquished Creatures
  8 ball pythons
  6 endoplasms
  7 giant cockroaches
  7 goblins
  2 hobgoblins
  5 quokkas
  5 bats
  3 frilled lizards
  7 kobolds
  5 rats
55 creatures vanquished.

Notes
Turn   | Place    | Note
-------+----------+-------------------------------------------
     0 | D:1      | boopmooplesden the Draconian Berserker began the quest for
                  | the Orb.
     0 | D:1      | Reached XP level 1. HP: 19/19 MP: 1/1
    99 | D:1      | Reached XP level 2. HP: 24/25 MP: 2/2
   236 | D:1      | Found Xuckeple's Antique Weapon Emporium.
   828 | D:2      | Reached XP level 3. HP: 33/33 MP: 3/3
  1032 | D:2      | Reached ** piety under Trog
  1061 | D:2      | Identified the +0 plate armour "Uczuceg" {Int+3 Dex+3}
  1442 | D:2      | Reached skill level 4 in Fighting
  1509 | D:3      | Found a glowing drain.
  1532 | Sewer    | Entered a sewer
  1562 | Sewer    | Noticed a brain worm
  1568 | Sewer    | Killed from afar by a brain worm

Illustrated notes

Levels and vault maps discovered:
D:1:      onia_arrival_mini_spirals, layout_loops_ring, serial_shops,
          nicolae_shop_tiny_statue_garden, minmay_ruptured
D:2:      layout_basic, minmay_joined_circles
D:3:      minmay_bubble_buster, layout_basic, serial_shops, nicolae_shop_stone,
          portal_sewer_entry_f
Sewer:    sewer_fruit_machine

Skill      XL: |  1  2  3 |
---------------+----------+-----
Dodging        | 3 |  3.1
Fighting       | 4 |  4.0
Long Blades    | |  3.9

Action                     || total
---------------------------++-------
  Melee: Falchion          ||    80
         Punch             ||     2
         Tailslap          ||    11
         Long sword        ||    50
 Armour: Skin              ||    72
  Dodge: Dodged            ||    91
